 Dungeon Crawl Stone Soup version 0.17.1-3-g152610e (webtiles) character file.

1073 Jerry the Shooter (level 8, -15/82 HPs)
             Began as an Octopode Hunter on Mar 6, 2016.
             Was an Initiate of Ashenzari.
             Demolished by an orc warrior
             ... wielding a +0 hand axe
              (16 damage)
             ... on level 6 of the Dungeon.
             The game lasted 00:26:55 (5157 turns).

Jerry the Shooter (Octopode Hunter)                 Turns: 5157, Time: 00:26:55

Health: -15/82     AC:  1    Str: 16    XL:     8   Next: 28%
Magic:  8/8        EV: 15    Int: 13    God:    Ashenzari [......]
Gold:   319        SH:  0    Dex: 15    Spells: 0 memorised, 7 levels left

rFire  + . .     SeeInvis .     z - +4 quarterstaff (chaos) (curse)
rCold  + . .     Rnd*Rage +     (shield currently unavailable)
rNeg   . . .     SustAt   .     (helmet restricted)
rPois  .         Gourm    .     e - amulet of rage (curse)
rElec  .         Spirit   .     k - ring of protection from fire (curse)
rCorr  .         Warding  .     w - ring of wizardry (curse)
rMut   .         Stasis   .     (no ring)
MR     .....                    (no ring)
Stlth  ..........               (no ring)
                                (no ring)
                                (no ring)
                                (no ring)

@: berserking, very quick, not resistant to hostile enchantments, extremely
unstealthy
A: almost no armour, amphibious, 8 rings, constrict 8, camouflage 1, berserk 1,
blurry vision 1, cold resistance 1, spit poison 1, gelatinous body 1
a: Spit Poison, Renounce Religion, Evoke Berserk Rage


You were on level 6 of the Dungeon.
You worshipped Ashenzari.
Ashenzari was noncommittal.
You were not hungry.

You visited 2 branches of the dungeon, and saw 7 of its levels.

You collected 319 gold pieces.

Inventory:

Hand Weapons
 a - a +1 shortbow
 z - a cursed +4 quarterstaff of chaos (weapon)
Missiles
 c - 23 arrows (quivered)
Armour
 v - a cursed +0 shield
Jewellery
 e - a cursed amulet of rage (around mantle)
 j - an uncursed amulet of stasis
 k - a cursed ring of protection from fire (left tentacle)
 w - a cursed ring of wizardry (right tentacle)
 A - an uncursed amulet of clarity
Wands
 p - a wand of flame (14)
 x - a wand of teleportation (6)
 F - a wand of frost (26)
Scrolls
 g - 4 scrolls of identify {unknown}
 l - 3 scrolls of fog {unknown}
 n - 3 scrolls of fear {unknown}
 r - a scroll of immolation {unknown}
 s - 3 scrolls of curse armour
 t - a scroll of magic mapping {unknown}
 G - a scroll of teleportation {unknown}
 H - a scroll of curse jewellery
 I - a scroll of curse weapon
 J - a scroll of remove curse
Potions
 h - a potion of heal wounds
 i - a potion of might {unknown}
 o - a potion of curing {unknown}
 q - a potion of flight {unknown}
 u - a potion of lignification {unknown}
 B - a potion of magic {unknown}
 C - a potion of poison {unknown}
 D - a potion of degeneration {unknown}
Books
 b - a book of Party Tricks

   Spells                             Type                      Level
   a - Summon Butterflies             Summoning                    1
   b - Apportation                    Translocation                1
   c - Tukima's Dance                 Hexes                        3
   d - Alistair's Intoxication        Transmutation/Poison         4
   e - Invisibility                   Hexes                        6
Comestibles
 d - 4 bread rations
 f - 6 meat rations
 m - a royal jelly
 E - a slice of pizza


   Skills:
 + Level 5.0 Fighting
 + Level 3.2 Staves
 - Level 6.7 Bows
 + Level 5.4 Dodging
 - Level 1.3 Stealth


You had 7 spell levels left.
You didn't know any spells.

Dungeon Overview and Level Annotations

Branches:
Dungeon (6/15)             Temple (1/1) D:5

Altars:
Ashenzari
Cheibriados
Dithmenos
Elyvilon
Fedhas
Gozag
Kikubaaqudgha
Makhleb
Nemelex Xobeh
Okawaru
Qazlal
Ru
Sif Muna
Trog
Vehumet
Xom
Yredelemnul
Zin
The Shining One

Shops:
D:4 [


Innate Abilities, Weirdness & Mutations

You cannot wear most types of armour.
You are amphibious.
You can wear up to eight rings at the same time.
You can use your tentacles to constrict eight enemies at once.
Your skin changes colour to match your surroundings (Stealth).
Your rubbery body absorbs attacks (AC +1).
You tend to lose your temper in combat.
Scrolls take you a little longer to read.
Your flesh is cold resistant.
You can spit weak poison.


Message History

The orc warrior hits you with a hand axe!
* * * LOW HITPOINT WARNING * * *
Drink which item? (? for menu, Esc to quit)
You feel much better.
You constrict the orc warrior. The orc warrior barely misses you.
You fail to use your ability.
You constrict the orc warrior.
The orc warrior hits you with a hand axe!
You fail to use your ability.
You constrict the orc warrior. The orc wizard hits you with a dagger.
The orc warrior hits you with a hand axe!!
* * * LOW HITPOINT WARNING * * *
You fail to use your ability.
You constrict the orc warrior. The orc wizard closely misses you.
The orc warrior barely misses you.
The orc wizard casts a spell.
The orc wizard blinks!
A red film seems to cover your vision as you go berserk!
You feel yourself moving faster!
You feel mighty!
You constrict the orc warrior.
The orc warrior hits you with a hand axe!
You die...

.. ##......# .....
##.F...# #...#
##....# #...
##...## #..#
###.o...# #..##
###....o.#..#
#...###........####
#.........#oo.#
#.....#####@.##
##..### #..# ##..##
#.## #####...# ..#
.......## #..#
).......# #.##
.#####..## .. #...#
.. # ##..## ...


You could see an orc warrior, a giant frog (wandering), an orc wizard and 2
orcs.

Vanquished Creatures
  Sigmund (D:4)
  A porcupine (shapeshifter) (D:5)
  An ogre (D:5)
  A scorpion (D:5)
  2 crimson imps (D:5)
  A giant frog skeleton (D:6)
  2 hounds
  Crazy Yiuf (D:3)
  Ijyb (D:2)
  An orc wizard (D:4)
  4 worker ants
  A hound skeleton (D:4)
  7 adders
  4 gnolls
  8 river rats (D:5)
  3 oozes
  A worm (D:3)
  10 orcs
  9 giant cockroaches
  19 goblins
  11 hobgoblins
  11 jackals
  10 kobolds
  A quokka (D:3)
  2 ball pythons
  6 bats
  6 giant geckos
  A giant gecko skeleton (D:5)
  4 giant newts
  20 rats
150 creatures vanquished.

Notes
Turn   | Place    | Note
--------------------------------------------------------------
     0 | D:1      | Jerry the Octopode Hunter began the quest for the Orb.
     0 | D:1      | Reached XP level 1. HP: 14/14 MP: 1/1
    46 | D:1      | Reached XP level 2. HP: 19/19 MP: 2/2
   495 | D:1      | Reached XP level 3. HP: 24/24 MP: 3/3
   954 | D:2      | Noticed Ijyb
   967 | D:2      | Killed Ijyb
   967 | D:2      | Reached XP level 4. HP: 22/30 MP: 4/4
  1031 | D:2      | Found a white marble altar of Elyvilon.
  1339 | D:2      | Reached skill level 5 in Bows
  1542 | D:3      | Reached XP level 5. HP: 32/35 MP: 5/5
  2577 | D:3      | Noticed Crazy Yiuf
  2586 | D:3      | Killed Crazy Yiuf
  2586 | D:3      | Reached XP level 6. HP: 39/42 MP: 6/6
  2951 | D:4      | HP: 2/42 [orc (3)]
  3276 | D:4      | Noticed Sigmund
  3297 | D:4      | Killed Sigmund
  3297 | D:4      | Reached skill level 1 in Staves
  3297 | D:4      | Reached XP level 7. HP: 47/47 MP: 7/7
  3348 | D:4      | Found Tavyf's Armour Emporium.
  3564 | D:4      | Reached skill level 6 in Bows
  3623 | D:4      | Found a bloodstained altar of Trog.
  4136 | D:5      | Entered Level 5 of the Dungeon
  4255 | D:5      | Gained mutation: You tend to lose your temper in combat. [mutagenic meat]
  4256 | D:5      | Gained mutation: Scrolls take you a little longer to read. [mutagenic meat]
  4257 | D:5      | Gained mutation: Your flesh is cold resistant. [mutagenic meat]
  4258 | D:5      | Gained mutation: You can spit weak poison. [mutagenic meat]
  4434 | D:5      | Reached skill level 5 in Dodging
  4527 | D:5      | Reached XP level 8. HP: 48/54 MP: 8/8
  4822 | D:5      | Found a staircase to the Ecumenical Temple.
  4833 | Temple   | Entered the Ecumenical Temple
  4942 | Temple   | Became a worshipper of Ashenzari the Shackled
  5091 | D:6      | Reached skill level 5 in Fighting
  5155 | D:6      | HP: 1/55 [orc warrior/hand axe (20)]
  5157 | D:6      | Demolished by an orc warrior

Action                   |  1- 3 |  4- 6 |  7- 9 || total
-------------------------+-------+-------+-------++-------
Melee: Short sword       |    11 |   115 |       ||   126
       Quarterstaff      |       |    24 |    97 ||   121
 Fire: Shortbow          |    77 |     5 |     4 ||    86
 Abil: Evoke Berserk Rag |       |     2 |     2 ||     4
  Use: Potion            |       |     1 |     1 ||     2
       Scroll            |       |       |     4 ||     4
 Stab: Sleeping          |       |     8 |     3 ||    11
       Petrifying        |       |       |     1 ||     1
       Paralysed         |       |       |     1 ||     1
  Eat: Chunk             |       |     8 |     7 ||    15
       Meat ration       |       |       |     1 ||     1
